 Dungeon Crawl Stone Soup version 0.21.0-3-g78d12a8bdd (webtiles) character file.

91718 GordonOverkill the Crack Shot (level 15, -5/148 HPs)
             Began as a Centaur Wizard on Jan 12, 2018.
             Was a High Priest of Okawaru.
             Slain by a sun demon (10 damage)
             ... summoned by an orc sorcerer
             ... while paralysed by an orc sorcerer
             ... on level 15 of the Dungeon.
             The game lasted 01:10:46 (42706 turns).

GordonOverkill the Crack Shot (Centaur Wizard)     Turns: 42706, Time: 01:10:46

Health: -5/148     AC: 23    Str: 22    XL:     15   Next: 55%
Magic:  14/20      EV:  1    Int: 15    God:    Okawaru [*****.]
Gold:   418        SH:  0    Dex:  8    Spells: 18/18 levels left

rFire    + . .     SeeInvis .   a - +1 shortbow (flame)
rCold    . . .     Gourm    .   (shield currently unavailable)
rNeg     . . .     Faith    .   s - +4 scale mail
rPois    +         Spirit   .   v - +2 hat
rElec    .         Reflect  .   q - +2 cloak {rPois}
rCorr    .         Harm     .   (no gloves)
MR       +....                  G - +0 centaur barding {rF+}
Stlth    +.........             Q - amulet of regeneration
HPRegen  0.74/turn              w - +3 ring of evasion
MPRegen  0.17/turn              H - +6 ring of strength

@: paralysed, lethally poisoned (-5 -> -9), heroism, finesse, drained, very
quick
A: large, antennae 1, hooves 3, deformed body, dopey 1, speed 2, robust 1, tough
skin 3
a: Heroism, Finesse, Renounce Religion


You were on level 15 of the Dungeon.
You worshipped Okawaru.
Okawaru was extremely pleased with you.
You were very full.

You visited 4 branches of the dungeon, and saw 24 of its levels.

You collected 1852 gold pieces.
You spent 1434 gold pieces at shops.

Inventory:

Hand Weapons
 a - a +1 shortbow of flaming (weapon)
 b - a +3 glaive of chopping
 r - a +0 longbow
Missiles
 u - 348 arrows (quivered)
 P - 2 throwing nets
Armour
 q - a +2 cloak of poison resistance (worn)
 s - a +4 scale mail (worn)
 v - a +2 hat (worn)
 G - a +0 centaur barding of fire resistance (worn)
Jewellery
 w - a +3 ring of evasion (left hand)
 H - a +6 ring of strength (right hand)
 M - an uncursed ring of ice
 Q - an amulet of regeneration (around neck)
 R - the ring "Cuwut" {Fire rElec Int+5}
   (You found it on level 6 of the Lair of Beasts)

   [ring of fire]

   It enhances your fire magic.
   It affects your intelligence (+5).
   It protects you from fire.
   It makes you vulnerable to cold.
   It insulates you from electricity.
Wands
 g - a wand of digging (27)
 j - a wand of random effects (14)
 p - a wand of polymorph (8)
 y - a wand of iceblast (5)
 A - a wand of scattershot (10)
 B - a wand of enslavement (32)
 I - a wand of flame (29)
 L - a wand of disintegration (8)
 T - a wand of acid (13)
Scrolls
 c - a scroll of immolation
 f - 8 scrolls of remove curse
 k - 10 scrolls of amnesia
 l - 11 scrolls of identify
 m - 4 scrolls of fear
 o - 6 scrolls of teleportation
 C - 2 scrolls of magic mapping
 J - 4 scrolls of enchant armour
 K - a scroll of fog
 S - a scroll of enchant weapon
Potions
 e - 2 potions of brilliance
 h - 2 potions of flight
 i - 6 potions of curing
 n - 3 potions of magic
 z - 5 potions of lignification
 D - 4 potions of haste
 E - a potion of might
 F - 6 potions of heal wounds
 N - a potion of mutation
Comestibles
 d - 36 rations
 x - 3 chunks of flesh


   Skills:
 + Level 13.1(16.7) Fighting
 - Level 9.0(12.7) Polearms
 - Level 21.0(24.4) Bows
 - Level 5.0(8.8) Armour
 - Level 9.0(12.7) Dodging
 - Level 1.1(5.0) Stealth
 - Level 2.4(1.4) Spellcasting
   Level 0.8(0.0) Conjurations
   Level 0.8(0.0) Summonings
   Level 0.8(0.0) Translocations
 - Level 7.1(6.0) Invocations


You had 18 spell levels left.
You didn't know any spells.

Dungeon Overview and Level Annotations

Branches:
Dungeon (15/15)            Temple (1/1) D:4            Lair (6/6) D:8
 Shoals (0/4) Lair:4       Spider (0/4) Lair:3        Slime (0/5) Lair:6
    Orc (2/2) D:12            Elf (0/3) Orc:2        Vaults (0/5) D:13
 Depths: D:15

Altars:
Ashenzari
Cheibriados
Dithmenos
Elyvilon
Gozag
Kikubaaqudgha
Okawaru
Ru
Uskayaw
Vehumet
Xom
The Shining One
Beogh

Shops:
D:5 *?}%   D:9 (   D:10 (   D:13 *   D:15 =   Orc:2 =**(


Innate Abilities, Weirdness & Mutations

You have hooves in place of feet.
Armour fits poorly on your strangely shaped body.
You cover ground very quickly.
You have extremely tough skin. (AC +3)
You have a pair of small antennae on your head.
You are dopey. (Int -2)
You are robust. (+10% HP)


Message History

The orc sorcerer casts a spell.
The sun demon hits you.
* * * LOW HITPOINT WARNING * * *
You are engulfed in flames!
You resist.
* * * LOW HITPOINT WARNING * * *
The orc sorcerer hits you but does no damage.
The orange demon stings you from afar.
* * * LOW HITPOINT WARNING * * *
The sun demon hits you.
* * * LOW HITPOINT WARNING * * *
You are engulfed in flames!
You resist.
* * * LOW HITPOINT WARNING * * *
The orc sorcerer hits you but does no damage.
The orange demon stings you from afar.
* * * LOW HITPOINT WARNING * * *
You are poisoned.
The orange demon poisons you!
* * * LOW HITPOINT WARNING * * *
You feel sick. The sun demon hits you!
You die...

#..# #.###.##.# # #..#
#......... ##.###. #..#.
.#......#.# ≈≈≈≈≈≈≈≈
#..#.. ..#.........
≈≈≈≈≈≈≈≈≈##..#
?#####..#.####.#.#
≈≈≈≈≈≈≈≈≈≈≈..## ..(...##
#<#.# ≈≈≈≈≈≈≈≈≈≈≈≈≈.##
.{.. # #.#
≈≈≈≈≈≈≈≈≈≈.....###4##
#.#
≈≈≈≈≈≈≈≈######..@oo4##
#.#
.≈≈≈≈≈≈≈######.3###34#
#∩#
###.≈≈≈≈.........###.##
#.#
....≈≈≈#.####..#..##..#
#.#
###............##..##.#
#.#
.........###...###.##.#
#.# ...... ...##...#
#.##.# #.#
###....##.##...# #..#.##
#.#
...........#.).####.#..#
#.#


You could see a sun demon, an orange demon, a hellwing, a smoke demon, 2 orc
sorcerers and a red devil.

Vanquished Creatures
  A dire elephant (Lair:6)
  The ghost of cada the Grappler, a journeyman NaTm of Cheibriados (Orc:2)
  Fannar (Lair:3)
  2 ogre magi
  5 vault guards (D:13)
  4 hydras
  2 catoblepae (Lair:5)
  A merfolk avatar (Lair:6)
  13 two-headed ogres
  4 centaur warriors
  A tengu warrior (D:15)
  6 death yaks
  Sonja (Lair:2)
  2 unseen horrors
  A sea snake (Lair:6)
  10 orc knights
  6 ugly things
  A deep elf mage (D:14)
  An oklob plant (Lair:2)
  8 manticores
  3 orc sorcerers
  5 cyclopes
  Joseph (D:8)
  3 centaur zombies
  6 elephants
  4 black mambas
  Maurice (D:8)
  5 spiny frogs
  4 gargoyles
  4 rime drakes (Lair:6)
  An efreet (D:15)
  10 komodo dragons
  A yaktaur (D:13)
  A tengu conjurer (D:15)
  4 kobold demonologists
  A troll (D:12)
  4 polar bears
  A harpy zombie (D:14)
  2 hornets
  6 dream sheep (Lair:6)
  8 blink frogs
  2 slime creatures (D:14)
  Prince Ribbit (D:8)
  9 hippogriffs
  A vampire (D:14)
  45 yaks
  5 water elementals
  2 shadows
  6 basilisks
  9 wyverns
  2 humans
  4 hogs (D:7)
  2 hungry ghosts
  5 vampire mosquitoes
  2 acid dragons
  9 wargs (Orc:2)
  3 sky beasts
  7 porcupines
  36 orc warriors
  14 water moccasins
  6 ice beasts
  2 hell hounds (D:8)
  3 black bears
  2 eyes of draining
  16 ogres
  9 wolves
  7 centaurs
  20 crocodiles
  7 big kobolds
  18 bullfrogs
  A wyvern zombie (D:7)
  A wyvern skeleton (D:13)
  A water moccasin zombie (D:10)
  2 scorpions (D:8)
  5 killer bees (D:8)
  8 howler monkeys
  7 electric eels
  14 crimson imps
  6 hounds
  2 bullfrog zombies
  17 orc priests
  4 centaur skeletons
  4 jellies (Lair:6)
  28 orc wizards
  2 bullfrog skeletons
  4 iguanas
  15 worker ants
  Terence (D:2)
  A hound zombie (D:9)
  A howler monkey skeleton (D:10)
  3 gnolls (D:10)
  9 adders
  5 shadow imps
  2 oozes
  3 adder skeletons
  3 adder zombies
  5 worms
  4 dart slugs
  6 leopard geckos
  89 orcs
  8 bats
  9 giant cockroaches
  9 goblins
  2 hobgoblins
  19 jackals
  26 kobolds
  4 quokkas
  A ball python (D:3)
  8 frilled lizards
  A jackal skeleton (D:4)
  A jackal zombie (D:5)
  A quokka skeleton (D:3)
  4 rats
  A plant (Lair:2)
747 creatures vanquished.

Vanquished Creatures (others)
  An orc wizard (Orc:2)
  A goblin (D:1)
  2 kobolds
  11 fungi
  16 plants
31 creatures vanquished.

Grand Total: 778 creatures vanquished

Notes
Turn   | Place    | Note
-------+----------+-------------------------------------------
     0 | D:1      | GordonOverkill the Centaur Wizard began the quest for the Orb.
     0 | D:1      | Reached XP level 1. HP: 14/14 MP: 3/3
   159 | D:1      | Reached skill level 1 in Fighting
   198 | D:1      | Reached XP level 2. HP: 11/24 MP: 0/5
  1311 | D:1      | Reached XP level 3. HP: 30/30 MP: 0/6
  2447 | D:2      | Reached XP level 4. HP: 21/40 MP: 7/7
  4563 | D:3      | Noticed Terence
  4617 | D:2      | Reached XP level 5. HP: 44/47 MP: 8/8
  4922 | D:2      | Killed Terence
  4922 | D:2      | Reached skill level 5 in Fighting
  5630 | D:3      | Found a glowing golden altar of the Shining One.
  5630 | D:3      | Found a radiant altar of Vehumet.
  5942 | D:4      | Reached XP level 6. HP: 24/57 MP: 9/9
  6323 | D:4      | Found a staircase to the Ecumenical Temple.
  6345 | Temple   | Entered the Ecumenical Temple
  6351 | Temple   | Became a worshipper of Warmaster Okawaru
  6380 | D:4      | Found a shattered altar of Ashenzari.
  6662 | D:4      | Gained mutation: Your mind is acute. (Int +2) [potion of mutation]
  6662 | D:4      | Gained mutation: You are frail. (-10% HP) [potion of mutation]
  6662 | D:4      | Lost mutation: You are frail. (-10% HP) [potion of mutation]
  6709 | D:4      | Found a shimmering altar of Xom.
  6790 | D:4      | Found a hide-covered altar of Uskayaw.
  6995 | D:4      | Found a white marble altar of Elyvilon.
  7005 | D:5      | Entered Level 5 of the Dungeon
  7899 | D:5      | Found Jotwyet's Magic Scroll Emporium.
  7902 | D:5      | Bought a scroll of enchant weapon for 82 gold pieces
  7902 | D:5      | Bought a scroll of fear for 38 gold pieces
  7902 | D:5      | Bought a scroll of fear for 38 gold pieces
  7902 | D:5      | Bought a scroll of teleportation for 33 gold pieces
  7933 | D:5      | Found Tadgh's Gadget Emporium.
  7945 | D:5      | Found Exeogew's Assorted Antiques.
  8169 | D:5      | Found Bonaef's Food Boutique.
  8292 | D:6      | Reached XP level 7. HP: 57/66 MP: 10/10
  8303 | D:6      | Reached skill level 1 in Polearms
  9643 | D:6      | Reached * piety under Okawaru
 10530 | D:6      | Reached XP level 8. HP: 74/74 MP: 11/11
 10897 | D:7      | Reached skill level 5 in Polearms
 10941 | D:7      | Reached ** piety under Okawaru
 11313 | D:7      | Found a shattered altar of Ashenzari.
 11510 | D:7      | Reached XP level 9. HP: 77/81 MP: 10/12
 11538 | D:7      | Lost mutation: Your mind is acute. (Int +2) [potion of mutation]
 11538 | D:7      | Gained mutation: You are dopey. (Int -2) [potion of mutation]
 11538 | D:7      | Gained mutation: You have a pair of small antennae on your head. [potion of mutation]
 11538 | D:7      | Gained mutation: You are robust. (+10% HP) [potion of mutation]
 12280 | D:8      | Reached skill level 1 in Invocations
 12694 | D:8      | Reached skill level 1 in Bows
 12726 | D:8      | Reached skill level 2 in Bows
 12785 | D:8      | Found a staircase to the Lair.
 12809 | D:8      | Reached skill level 3 in Bows
 12952 | D:8      | Noticed Maurice
 13015 | D:8      | Killed Maurice
 13015 | D:8      | Reached *** piety under Okawaru
 13015 | D:8      | Reached skill level 5 in Bows
 13026 | D:8      | Reached skill level 6 in Bows
 13296 | D:8      | Noticed a gargoyle
 13309 | D:8      | Killed a gargoyle
 13309 | D:8      | Reached skill level 7 in Bows
 13309 | D:8      | Reached XP level 10. HP: 58/96 MP: 11/13
 13500 | D:8      | Noticed a two-headed ogre
 13524 | D:8      | Killed an unseen horror
 13524 | D:8      | Reached skill level 8 in Bows
 13564 | D:8      | Killed a two-headed ogre
 13564 | D:8      | Reached **** piety under Okawaru
 13564 | D:8      | Reached skill level 10 in Bows
 13740 | D:8      | Noticed Joseph
 13760 | D:8      | Killed Joseph
 14020 | D:8      | Noticed Prince Ribbit
 14029 | D:8      | Killed Prince Ribbit
 14029 | D:8      | Reached skill level 11 in Bows
 14275 | D:9      | Found Licwak's Antique Weapon Shop.
 14367 | D:9      | Noticed a two-headed ogre
 14392 | D:9      | Killed a two-headed ogre
 14392 | D:9      | Reached skill level 12 in Bows
 14688 | D:9      | Reached skill level 13 in Bows
 14904 | D:9      | Reached XP level 11. HP: 103/103 MP: 11/14
 15666 | D:10     | Entered Level 10 of the Dungeon
 15705 | D:10     | Reached skill level 14 in Bows
 16123 | D:10     | Noticed a two-headed ogre
 16139 | D:10     | Killed a two-headed ogre
 16156 | D:10     | Reached ***** piety under Okawaru
 16167 | D:10     | Reached skill level 15 in Bows
 16230 | D:10     | Received a gift from Okawaru
 16361 | D:10     | Found Bucaad's Antique Weapon Emporium.
 17174 | D:11     | Noticed a purple ugly thing
 17191 | D:11     | Killed a purple ugly thing
 17191 | D:11     | Reached skill level 16 in Bows
 18045 | D:11     | Noticed a two-headed ogre
 18060 | D:11     | Killed a two-headed ogre
 18216 | D:11     | Reached skill level 17 in Bows
 18654 | Lair:1   | Entered Level 1 of the Lair of Beasts
 18680 | Lair:1   | Received a gift from Okawaru
 18939 | Lair:1   | Reached XP level 12. HP: 101/111 MP: 12/15
 19409 | Lair:1   | Identified a scroll of acquirement
 20578 | Lair:2   | Reached skill level 18 in Bows
 21040 | Lair:2   | Noticed Sonja
 21048 | Lair:2   | Killed Sonja
 21878 | Lair:2   | Noticed a six-headed hydra
 21897 | Lair:2   | Killed a six-headed hydra
 21897 | Lair:2   | Reached skill level 19 in Bows
 23949 | Lair:3   | Noticed Fannar
 23962 | Lair:3   | Killed Fannar
 23962 | Lair:3   | Received a gift from Okawaru
 23962 | Lair:3   | Reached skill level 20 in Bows
 24575 | Lair:3   | Found a hole to the Spider Nest.
 24989 | Lair:4   | Noticed a four-headed hydra
 25026 | Lair:3   | Killed a four-headed hydra
 25026 | Lair:3   | Received a gift from Okawaru
 25114 | Lair:4   | Found a staircase to the Shoals.
 25155 | Lair:4   | Received a gift from Okawaru
 25282 | Lair:4   | Reached XP level 13. HP: 118/118 MP: 16/16
 27892 | Lair:4   | Reached skill level 21 in Bows
 28117 | Lair:5   | Reached skill level 10 in Fighting
 28178 | Lair:5   | Reached skill level 1 in Armour
 28718 | Lair:6   | Entered Level 6 of the Lair of Beasts
 28809 | Lair:6   | Found a staircase to the Slime Pits.
 29141 | Lair:6   | Received a gift from Okawaru
 29534 | Lair:6   | Reached skill level 5 in Armour
 30245 | Lair:6   | Received a gift from Okawaru
 30791 | Lair:6   | Noticed a dire elephant
 30807 | Lair:6   | Killed a dire elephant
 30878 | Lair:6   | Received a gift from Okawaru
 30914 | Lair:6   | Got a steaming golden ring
 30915 | Lair:6   | Identified the ring "Cuwut" {Fire rElec Int+5} (You found it on level 6 of the Lair of Beasts)
 31232 | Lair:6   | Reached XP level 14. HP: 107/133 MP: 14/17
 31639 | Lair:6   | Reached skill level 5 in Dodging
 31797 | Lair:6   | Received a gift from Okawaru
 31802 | Lair:6   | Got a dazzling centaur barding {god gift}
 31813 | Lair:6   | Identified the +0 centaur barding "Dealyik" {+Fly rElec Str-5 Stlth-} (Okawaru gifted it to you on level 6 of the Lair of Beasts)
 32468 | D:12     | Found a staircase to the Orcish Mines.
 33252 | D:12     | Got a transparent plate armour
 33253 | D:12     | Identified the cursed +0 plate armour of Vuegho {Dex+2} (You found it on level 12 of the Dungeon)
 33322 | D:12     | Found an opulent altar of Gozag.
 33731 | Orc:1    | Entered Level 1 of the Orcish Mines
 34130 | Orc:2    | Entered Level 2 of the Orcish Mines
 34181 | Orc:2    | Noticed cada's ghost (journeyman NaTm)
 34207 | Orc:2    | Killed cada's ghost
 34302 | Orc:2    | Found a staircase to the Elven Halls.
 35305 | Orc:2    | Found Doivayf's Jewellery Shop.
 35305 | Orc:2    | Found Burr's General Store.
 37188 | Orc:2    | Found a roughly hewn altar of Beogh.
 37224 | Orc:2    | Found Weasuam's Weapon Shoppe.
 37224 | Orc:2    | Found Hiyrauq's Assorted Antiques.
 37230 | Orc:2    | Bought a potion of heal wounds for 170 gold pieces
 37393 | Orc:2    | Bought a scroll of fear for 59 gold pieces
 37393 | Orc:2    | Bought a scroll of magic mapping for 59 gold pieces
 37393 | Orc:2    | Bought a potion of curing for 51 gold pieces
 37424 | Orc:2    | Bought a wand of digging (17) for 272 gold pieces
 37424 | Orc:2    | Bought a wand of acid (3) for 272 gold pieces
 38028 | D:13     | Reached skill level 5 in Invocations
 38570 | D:13     | Got a scorched plate armour
 38571 | D:13     | Identified the +10 plate armour of Cowardice {MR+ Regen+ Slay-4} (You took it off a vault guard on level 13 of the Dungeon)
 38927 | D:13     | Received a gift from Okawaru
 39017 | D:13     | Found a gate to the Vaults.
 39033 | D:13     | Received a gift from Okawaru
 39141 | D:13     | Reached XP level 15. HP: 121/138 MP: 20/20
 39570 | D:13     | Found Hagg's Demolitions Depot.
 40139 | D:13     | Received a gift from Okawaru
 41032 | D:14     | Received a gift from Okawaru
 42086 | D:15     | Entered Level 15 of the Dungeon
 42099 | D:15     | Found Tuizaist's Jewellery Shoppe.
 42107 | D:15     | Bought an uncursed amulet of regeneration for 360 gold pieces
 42597 | D:15     | Found the +8 demon blade "Leech" {vamp, rN+ AC-3 EV-3}
 42680 | D:15     | Paralysed by an orc sorcerer for 3 turns
 42688 | D:15     | Paralysed by an orc sorcerer for 2 turns
 42699 | D:15     | Paralysed by an orc sorcerer for 7 turns
 42705 | D:15     | HP: 6/148 [orange demon[an orc sorcerer] (4)]
 42706 | D:15     | Slain by a sun demon

Skill      XL: |  1  2  3  4  5  6  7  8  9 10 11 12 13 14 15 |
---------------+----------------------------------------------+-----
Fighting       | 1 2 4 6 7 8 10 13 | 13.1
Polearms       | 4 7 9 |  9.0
Invocations    | 4 7 |  7.1
Bows           | 7 13 17 20 21 | 21.0
Armour         | 5 |  5.0
Dodging        | 4 9 |  9.0
Stealth        | |  1.1
Spellcasting   | |  2.4
Conjurations   | |  0.8
Summonings     | |  0.8
Translocations | |  0.8

Action                   |  1- 3 |  4- 6 |  7- 9 | 10-12 | 13-15 || total
-------------------------+-------+-------+-------+-------+-------++-------
Melee: Unarmed           |    55 |       |     3 |       |       ||    58
       Club              |    21 |       |       |       |       ||    21
       Kick              |    16 |    76 |    47 |   113 |    40 ||   292
       Dagger            |    15 |   507 |       |       |       ||   522
       Spear             |    76 |       |       |       |       ||    76
       Trident           |       |     5 |   338 |   288 |       ||   631
       Punch             |       |       |       |     3 |       ||     3
       Glaive            |       |       |       |   210 |   185 ||   395
       Shortbow          |       |       |       |       |     1 ||     1
 Fire: Shortbow          |       |       |    60 |   463 |  1962 ||  2485
 Cast: Magic Dart        |    38 |    67 |       |       |       ||   105
Invok: Heroism           |       |       |    16 |    49 |    48 ||   113
       Finesse           |       |       |       |       |     6 ||     6
Evoke: Wand              |       |    15 |    18 |     3 |     1 ||    37
  Use: Scroll            |     3 |    15 |     3 |     5 |    11 ||    37
       Potion            |       |     5 |     2 |       |     1 ||     8
 Stab: Sleeping          |       |       |     1 |       |       ||     1
  Eat: Chunk             |     5 |    11 |     8 |    22 |    53 ||    99
       Ration            |       |     2 |     2 |     3 |     3 ||    10
Armor: Robe              |    69 |    36 |       |       |       ||   105
       Scale mail        |       |   292 |   118 |   336 |   507 ||  1253
       Skin              |       |    10 |     1 |       |       ||    11
Dodge: Dodged            |    98 |   115 |    67 |   279 |   446 ||  1005
Block: Large shield      |       |   227 |   150 |       |       ||   377
